 Dungeon Crawl Stone Soup version 0.28-a0-305-g9e858e973b (webtiles) character file.

Game seed: 16953969305414074350

273934 jasper the Brawler (level 19, -16/161 HPs)
             Began as a Demonspawn Cinder Acolyte on Aug 29, 2021.
             Was a High Priest of Ignis.
             Collided with a stone wall (23 damage)
             ... caused by a spellforged servitor
             ... summoned by Frederick
             ... on level 2 of the Vaults.
             The game lasted 01:39:13 (59591 turns).

jasper the Brawler (Demonspawn Cinder Acolyte)     Turns: 59591, Time: 01:39:14

Health: -16/161    AC: 33    Str: 18    XL:     19   Next: 90%
Magic:  0/20       EV:  9    Int: 18    God:    Ignis [*****.]
Gold:   1412       SH: 19    Dex: 17    Spells: 20/20 levels left

rFire   + + .      SeeInvis .     - Unarmed
rCold   + + .      Faith    .   K - +0 kite shield
rNeg    + . .      Spirit   +   g - +12 plate armour of the Nine Towns {Dex+3}
rPois   +          Reflect  +   f - +2 hat of the Bear Spirit {Spirit, +Rage rN+ Will++}
rElec   .          Harm     .   r - scarf {rC+ rF+}
rCorr   +          Rampage  .   (gloves unavailable)
Will    +++..                   k - +1 pair of boots
Stlth   ..........              A - amulet of reflection
HPRegen 0.36/turn               o - ring of poison resistance
MPRegen 0.17/turn               E - ring of the Pariah {+Blink rC+ rCorr Str+3}

@: about to teleport
A: claws 3, hooves 2, horns 2, ignite blood 3, demonic magic 1
}: 1/15 runes: decaying
a: Renounce Religion, Evoke Blink, Evoke Berserk Rage, Sea of Fire, Foxfire
Swarm, Rising Flame


You were on level 2 of the Vaults.
You worshipped Ignis.
Ignis was extremely pleased with you.
You visited 7 branches of the dungeon, and saw 36 of its levels.
You also visited: Ossuary, Bailey and Gauntlet.

You collected 5349 gold pieces.
You spent 3937 gold pieces at shops.

Inventory:

Hand Weapons
 c - a +6 hunting sling of venom
Missiles
 d - 872 stones
 s - 127 boomerangs (quivered)
 L - 4 throwing nets
 Q - 142 sling bullets
Armour
 f - the +2 hat of the Bear Spirit (worn) {Spirit, +Rage rN+ Will++}
   (You found it on level 3 of the Elven Halls)

   rN:        It protects you from negative energy.
   +Rage:     It lets you go berserk.
   Will:      It greatly increases your willpower.
 g - the +12 plate armour of the Nine Towns (worn) {Dex+3}
   (You bought it in a shop on level 2 of the Orcish Mines)

   Dex:       It affects your dexterity (+3).
 k - a +1 pair of boots (worn)
 r - a scarf of resistance (worn)
 K - a +0 kite shield (worn)
Jewellery
 a - a ring of protection from cold
 m - the ring "Kyufet Xuebu" {rF+ rC+ EV+4 SInv}
   (You took it off a deep elf zephyrmancer on level 3 of the Elven Halls)

   [ring of evasion]

   EV:        It affects your evasion (+4).
   rF:        It protects you from fire.
   rC:        It protects you from cold.
   SInv:      It lets you see invisible.
 o - a ring of poison resistance (left claw)
 q - a ring of resist corrosion
 y - the ring of Paucsij {+Blink Will+ Str+3 Dex+3}
   (You bought it in a shop on level 1 of the Dungeon)

   [ring of willpower]

   Str:       It affects your strength (+3).
   Dex:       It affects your dexterity (+3).
   +Blink:    It lets you blink.
   Will:      It increases your willpower.
 A - an amulet of reflection (around neck)
 E - the ring of the Pariah (right claw) {+Blink rC+ rCorr Str+3}
   (You bought it in a shop on level 3 of the Elven Halls)

   [ring of protection from cold]

   Str:       It affects your strength (+3).
   rC:        It protects you from cold.
   +Blink:    It lets you blink.
   rCorr:     It protects you from acid and corrosion.
 F - a ring of positive energy
 W - a +4 ring of slaying
Wands
 l - a wand of acid (1)
 C - a wand of digging (16)
 H - a wand of flame (46)
 I - a wand of iceblast (22)
Scrolls
 i - a scroll of torment
 j - 10 scrolls of magic mapping
 t - 2 scrolls of summoning
 z - 25 scrolls of teleportation
 B - 2 scrolls of vulnerability
 D - 18 scrolls of identify
 M - 6 scrolls of fear
 N - 4 scrolls of blinking
 P - 3 scrolls of immolation
 T - 2 scrolls of fog
 U - a scroll of silence
 X - a scroll of enchant armour
 Y - a scroll of brand weapon
Potions
 b - a potion of resistance
 e - 13 potions of curing
 h - 2 potions of cancellation
 n - 3 potions of heal wounds
 p - 3 potions of invisibility
 u - 3 potions of flight
 v - a potion of might
 x - 11 potions of haste
 G - 4 potions of mutation
 S - 5 potions of lignification
 Z - a potion of ambrosia
Miscellaneous
 w - a condenser vane (inert)
 J - a box of beasts
 O - a tin of tremorstones (2/2)
 R - a phantom mirror
 V - a lightning rod (4/4)


   Skills:
 + Level 17.4 Fighting
 - Level 3.2 Axes
 - Level 3.1 Slings
 - Level 15.1 Armour
 + Level 5.1 Dodging
 - Level 15.0 Shields
 - Level 20.0 Unarmed Combat
 - Level 1.0 Spellcasting
 - Level 0.8 Fire Magic
 - Level 8.0 Evocations


You had 20 spell levels left.
You didn't know any spells.
Your spell library contained the following spells:

 Spells                   Type           Power      Damage    Failure   Level
 Foxfire                  Conj/Fire      8%         2x1d4     93%         1
 Animate Skeleton         Necr           0%         N/A       95%         1
 Apportation              Tloc           0%         N/A       95%         1
 Corona                   Hex            0%         N/A       95%         1
 Magic Dart               Conj           0%         1d3       95%         1
 Shock                    Conj/Air       0%         1d3       95%         1
 Sting                    Tmut/Pois      0%         1d3       95%         1
 Summon Small Mammal      Summ           0%         N/A       95%         1
 Corpse Rot               Necr/Air       N/A        N/A       99%         2
 Ensorcelled Hibernation  Hex/Ice        0%         N/A       99%         2
 Poisonous Vapours        Pois/Air       0%         N/A       99%         2
 Searing Ray              Conj           0%         3d3       99%         2
 Slow                     Hex            0%         N/A       99%         2
 Call Canine Familiar     Summ           0%         N/A       100%        3
 Confusing Touch          Hex            0%         N/A       100%        3
 Conjure Flame            Conj/Fire      2%         6-21      100%        3
 Dazzling Flash           Conj/Hex       0%         N/A       100%        3
 Frozen Ramparts          Ice            0%         1d2       100%        3
 Gell's Gravitas          Tloc           0%         N/A       100%        3
 Inner Flame              Hex/Fire       2%         N/A       100%        3
 Lesser Beckoning         Tloc           0%         N/A       100%        3
 Ozocubu's Armour         Ice            0%         N/A       100%        3
 Summon Guardian Golem    Hex/Summ       0%         N/A       100%        3
 Swiftness                Air            0%         N/A       100%        3
 Teleport Other           Tloc           0%         N/A       100%        3
 Tukima's Dance           Hex            0%         N/A       100%        3
 Airstrike                Air            0%         N/A       100%        4
 Dispel Undead            Necr           0%         3d6       100%        4
 Fulminant Prism          Conj/Hex       0%         3d6       100%        4
 Ice Form                 Ice/Tmut       0%         N/A       100%        4
 Iskenderun's Mystic Bla  Conj/Tloc      0%         2d3       100%        4
 Leda's Liquefaction      Hex/Erth       0%         N/A       100%        4
 Olgreb's Toxic Radiance  Pois           0%         N/A       100%        4
 Petrify                  Tmut/Erth      0%         N/A       100%        4
 Summon Ice Beast         Ice/Summ       0%         N/A       100%        4
 Summon Lightning Spire   Summ/Air       0%         N/A       100%        4
 Alistair's Intoxication  Tmut/Pois      0%         N/A       100%        5
 Blade Hands              Tmut           0%         N/A       100%        5
 Bolt of Magma            Conj/Fire/Erth 0%         4d4       100%        5
 Borgnjor's Vile Clutch   Necr/Erth      0%         N/A       100%        5
 Fireball                 Conj/Fire      1%         3d3       100%        5
 Freezing Cloud           Conj/Ice/Air   0%         6-21      100%        5
 Irradiate                Conj/Tmut      0%         3d13      100%        5
 Iskenderun's Battlesphe  Conj           0%         2d6       100%        5
 Lightning Bolt           Conj/Air       0%         1d11      100%        5
 Manifold Assault         Tloc           0%         N/A       100%        5
 Metabolic Englaciation   Hex/Ice        0%         N/A       100%        5
 Yara's Violent Unravell  Hex/Tmut       0%         3d3       100%        5
 Conjure Ball Lightning   Conj/Air       0%         3x3d6     100%        6
 Death Channel            Necr           0%         N/A       100%        6
 Eringya's Noxious Bog    Tmut/Pois      0%         N/A       100%        6
 Simulacrum               Ice/Necr       0%         N/A       100%        6
 Starburst                Conj/Fire      1%         6d3       100%        6
 Statue Form              Tmut/Erth      0%         N/A       100%        6
 Dragon Form              Tmut           0%         N/A       100%        7
 Orb of Destruction       Conj           0%         N/A       100%        7
 Ozocubu's Refrigeration  Ice            0%         4d5       100%        7
 Spellforged Servitor     Conj/Summ      0%         N/A       100%        7
 Ignition                 Fire           1%         3d3       100%        8
 Chain Lightning          Conj/Air       0%         N/A       100%        9
 Fire Storm               Conj/Fire      1%         7d1       100%        9
 Polar Vortex             Ice            0%         N/A       100%        9


Dungeon Overview and Level Annotations

Branches:
Dungeon (15/15)            Temple (0/1) D:4            Lair (6/6) D:8
  Swamp (4/4) Lair:2       Spider (4/4) Lair:2        Slime (0/5) Lair:5
    Orc (2/2) D:12            Elf (3/3) Orc:2        Vaults (2/5) D:13
 Depths (0/5) D:15        Ossuary (visited)          Bailey (visited)
Gauntlet (visited)
  Crypt: Vaults:2-3

Altars:
Ashenzari
Cheibriados
Dithmenos
Elyvilon
Fedhas
Hepliaklqana
Makhleb
Nemelex Xobeh
Qazlal
Sif Muna
Trog
Uskayaw
Yredelemnul
Beogh
Ignis

Shops:
D:1 =!?*[   D:10 *   Orc:2 !(([=([*!?   Elf:2 :*=:   Elf:3 :=:=

Portals:
Abyss: D:9

Annotations:
D:9 2 transporters, JuniperTheExplorer's ghost, novice TrFi
D:10 3 runed translucent doors, Spaninq's ghost, journeyman HOAK
Lair:5 3 runed translucent doors, exclusion: oklob plant, Tynuabry's ghost, journeyman DECj
Swamp:4 exclusion: 2 upstairs
Spider:2 3 runed translucent doors, Aviun's ghost, adept SpEn
Spider:4 Mlioglotl
Elf:2 3 runed translucent doors
Vaults:2 Frederick


Innate Abilities, Weirdness & Mutations

You have claws for hands.
You have hoof-like feet.
You have a pair of horns on your head.
Your demonic aura causes all spilled blood to erupt in flames.
Spells you cast may paralyse adjacent enemies.


Message History

You hear a shout!
The ironbound preserver is engulfed in blazing flames.
The ironbound preserver hits you but does no damage.
You eviscerate the ironbound preserver!!!
You kill the ironbound preserver!
A deep troll comes into view.
A deep troll comes into view.
There is an open door here.
A deep troll comes into view.
You close the door.
Something unseen opens the door.
There is an open door here.
You close the door.
As you read the scroll of teleportation, it crumbles to dust.
You feel strangely unstable.
A deep troll opens the door.
The ironbound convoker gestures at something while chanting.
Your surroundings suddenly seem different.
Frederick the Flawless comes into view.
He is wielding a +0 long sword of protection.
Frederick casts a spell.
Frederick summons a servant imbued with his destructive magic!
Press: ? - help, v - describe, . - travel
Here: Frederick, wielding a +0 long sword of protection and wearing a +0 chain mail The floor.
Unknown command.
As you read the scroll of teleportation, it crumbles to dust.
You feel strangely unstable. Frederick hits you but does no damage.
The spellforged servitor points at you and mumbles some strange words.
The bolt of cold hits you. You resist.
* * * LOW HITPOINT WARNING * * *
You take 3 damage, and have 30/161 hp.
You now have 9/20 mp.
Frederick points at you and mumbles some strange words.
The iron shot reflects off an invisible shield around you!
The iron shot hits Frederick!!!
The spellforged servitor casts a spell at you.
The lance of force hits you!!
* * * LOW HITPOINT WARNING * * *
You are knocked back by the lance of force.
You slam into the stone wall!
You die...

#######++#
#...§@...#
+§@§§....#
#..§.....#
#........#
#9.......#
#........#
#........#
#........+
##########


You could see Frederick and a spellforged servitor (summoned).

Vanquished Creatures
  Mennas (Vaults:2)
  Nikola (Elf:3)
  Arachne (Spider:1)
  A tentacled monstrosity (Swamp:3)
  Asterion (Spider:4)
  2 deep elf master archers (Elf:3)
  2 deep elf blademasters (Elf:3)
  Frances (Swamp:2)
  Agnes (D:15)
  A shadow dragon (Vaults:1)
  A fenstrider witch (Swamp:4)
  Roxanne (D:15)
  5 vault wardens
  4 deep elf sorcerers (Elf:3)
  2 orc warlords
  3 ghost moths
  2 emperor scorpions
  9 deep elf elementalists
  2 stone giants
  4 ironbound preservers
  3 very ugly things (Vaults:1)
  Azrael (D:15)
  5 deep elf demonologists
  A minotaur (Gauntlet)
  3 deep elf annihilators (Elf:3)
  3 entropy weavers
  2 bunyips
  Snorg (Lair:4)
  8 deep elf death magi
  An ettin (Vaults:1)
  2 eleionomae (Swamp:1)
  A great orb of eyes (Vaults:2)
  A deep elf high priest (Elf:3)
  A shambling mangrove (Swamp:4)
  Josephine (D:15)
  3 yaktaur captains
  7 boulder beetles
  5 vault guards
  4 ironbound frosthearts
  An ironbound thunderhulk (Vaults:1)
  3 catoblepae (Lair:6)
  An ice dragon (D:11)
  26 hydras
  A ghost crab (Swamp:1)
  An ogre mage (D:15)
  9 alligators
  8 centaur warriors
  9 two-headed ogres
  13 dancing weapons
  7 death yaks
  6 tengu warriors
  3 ironbound beastmasters (Vaults:1)
  Urug (Lair:4)
  8 deep elf knights
  An iron troll (D:13)
  2 goliath frogs (Swamp:2)
  11 deep trolls
  10 swamp dragons
  2 flayed ghosts
  A bog body (Swamp:1)
  5 wizards
  7 deep elf archers
  3 lindwurms (Vaults:1)
  14 ugly things
  A phantasmal warrior (Vaults:1)
  2 necromancers
  2 ironbound convokers
  17 deep elf zephyrmancers
  11 wolf spiders
  9 orc knights
  24 deep elf pyromancers
  5 orc sorcerers
  A worldbinder (Gauntlet)
  5 cyclopes
  6 orb spiders
  5 will-o-the-wisps
  2 moths of wrath (Spider:2)
  4 manticores
  17 elephants
  6 black mambas
  4 torpor snails
  5 vault sentinels
  19 cane toads
  2 rime drakes
  An unseen horror (D:12)
  9 demonic crawlers
  11 komodo dragons
  15 yaktaurs
  6 kobold demonologists
  An efreet (D:13)
  2 tengu conjurers (D:13)
  20 jumping spiders
  8 tyrant leeches
  A bloated husk (Swamp:2)
  8 trolls
  2 polar bears
  8 hornets
  8 blink frogs
  19 slime creatures
  15 dream sheep
  3 spriggans (Swamp:4)
  9 shadows
  3 vampires
  A water elemental (Elf:1)
  57 redbacks
  2 air elementals
  24 tarantellas
  A spriggan (shapeshifter) (D:13)
  10 wraiths
  57 yaks
  7 wyverns
  10 fire bats (D:14)
  10 fire elementals
  4 vampire mosquitoes (D:14)
  12 basilisks
  A steam dragon (D:8)
  3 wargs
  19 water moccasins
  7 swamp worms
  7 acid dragons
  2 hell hounds (D:15)
  36 orc warriors
  6 swamp drakes (Swamp:4)
  14 ogres
  A sky beast (D:8)
  8 boggarts
  17 centaurs
  4 wolves
  A phantom (D:6)
  3 kobold brigands (D:13)
  5 gnoll sergeants
  10 bullfrogs
  3 scorpions
  A water moccasin zombie (D:5)
  A wyvern zombie (D:8)
  2 earth elementals (Elf:1)
  3 killer bees (D:10)
  3 howler monkeys
  4 electric eels (D:8)
  4 centaur zombies
  4 jellies
  27 orc priests
  3 gnoll shamans
  4 hounds
  Jessica (D:3)
  4 iguanas
  29 orc wizards
  A hell rat (Lair:5)
  2 killer bee zombies
  2 mummies
  48 gnolls
  9 adders
  2 shadow imps
  3 white imps
  An ufetubus (D:5)
  2 worms
  101 orcs
  9 endoplasms
  4 giant cockroaches
  13 hobgoblins
  3 jackals (D:3)
  8 quokkas
  8 ball pythons
  61 bats
  5 frilled lizards
  17 goblins
  A hobgoblin zombie (D:5)
  22 kobolds
  A kobold zombie (D:5)
  11 rats
1313 creatures vanquished.

Vanquished Creatures (others)
  A bunyip (Swamp:2)
  An eleionoma (Swamp:2)
  A dancing weapon (Elf:3)
  A goliath frog (Swamp:2)
  A swamp dragon (Swamp:2)
  3 bloated husks
  An air elemental (Elf:1)
  A fire elemental (Elf:3)
  26 foxfires
  78 fungi
  41 plants
155 creatures vanquished.

Grand Total: 1468 creatures vanquished

Notes
Turn   | Place    | Note
-------+----------+-------------------------------------------
     0 | D:1      | jasper the Demonspawn Cinder Acolyte began the quest for
                  | the Orb.
     0 | D:1      | Reached XP level 1. HP: 18/18 MP: 2/2
    59 | D:1      | Found a faded altar of an unknown god.
   580 | D:1      | Gained mutation: You have large cloven feet. [demonic
                  | ancestry]
   580 | D:1      | Reached XP level 2. HP: 24/24 MP: 3/3
   593 | D:1      | Found Dutwiet's Distillery.
   775 | D:1      | Found Otra Sei's Assorted Antiques.
  1078 | D:1      | Found Ickal's Magic Scroll Shoppe.
  1126 | D:1      | Reached skill level 1 in Slings
  1415 | D:1      | Found Hetoam's Jewellery Shoppe.
  1580 | D:1      | Found Geaju's Antique Armour Shoppe.
  2111 | D:2      | Reached XP level 3. HP: 29/29 MP: 4/4
  2654 | D:2      | Gained mutation: Your demonic aura sometimes causes spilled
                  | blood to erupt in flames. [demonic ancestry]
  2654 | D:2      | Reached XP level 4. HP: 20/35 MP: 5/5
  3833 | D:1      | Bought a scroll of blinking for 82 gold pieces
  3863 | D:3      | Noticed Jessica
  3958 | D:3      | Killed Jessica
  3959 | D:3      | Reached skill level 1 in Unarmed Combat
  4427 | D:3      | Reached XP level 5. HP: 41/41 MP: 6/6
  4897 | D:3      | Found a shadowy altar of Dithmenos.
  4946 | D:3      | Noticed a centaur
  4946 | D:3      | a scorpion changed into a centaur
  4962 | D:3      | Killed a centaur
  4963 | D:3      | Reached skill level 1 in Armour
  4963 | D:3      | Reached skill level 1 in Dodging
  4963 | D:3      | Reached skill level 2 in Unarmed Combat
  5327 | D:1      | Bought a scroll of teleportation for 33 gold pieces
  5773 | D:4      | Gained mutation: You have a pair of small horns on your
                  | head. [demonic ancestry]
  5773 | D:4      | Reached XP level 6. HP: 36/47 MP: 7/7
  5875 | D:4      | Found a burning altar of Makhleb.
  7082 | D:4      | Found a staircase to the Ecumenical Temple.
  7118 | D:5      | Entered Level 5 of the Dungeon
  7149 | D:5      | Found a sand-covered staircase.
  7157 | Ossuary  | Entered an ossuary
  7677 | D:5      | Reached skill level 3 in Unarmed Combat
  7696 | D:5      | Reached skill level 1 in Shields
  7764 | D:5      | Gained mutation: You have sharp fingernails. [demonic
                  | ancestry]
  7764 | D:5      | Reached XP level 7. HP: 48/54 MP: 8/8
  8346 | D:6      | Reached skill level 4 in Unarmed Combat
  8436 | D:6      | Identified the +9 quarterstaff "Akiriroc" {vorpal, *Corrode
                  | rC+ MP+9 Int+6}
  8488 | D:6      | Reached skill level 5 in Fighting
  8488 | D:6      | Reached skill level 5 in Unarmed Combat
  8488 | D:6      | Gained mutation: You have hoof-like feet. [demonic
                  | ancestry]
  8488 | D:6      | Reached XP level 8. HP: 56/62 MP: 9/9
  8779 | D:7      | Found a flagged portal.
  8817 | Bailey   | Entered a bailey
 10265 | D:7      | Reached skill level 12 in Unarmed Combat
 10265 | D:7      | Gained mutation: You have very sharp fingernails. [demonic
                  | ancestry]
 10265 | D:7      | Reached XP level 9. HP: 68/68 MP: 10/10
 10423 | D:7      | Found a sparkling altar of Nemelex Xobeh.
 10876 | D:8      | Found a staircase to the Lair.
 10906 | D:8      | Noticed a troll
 10915 | D:8      | Killed a troll
 11014 | D:8      | Gained mutation: You have a pair of horns on your head.
                  | [demonic ancestry]
 11014 | D:8      | Reached XP level 10. HP: 76/76 MP: 11/11
 11886 | D:9      | Found a transporter.
 11886 | D:9      | Noticed a thrashing horror
 11886 | D:9      | Noticed a hell hog
 11901 | D:9      | Noticed a toenail golem
 11925 | D:9      | Found a transporter.
 11985 | D:9      | Found a one-way gate to the infinite horrors of the Abyss.
 11985 | D:9      | Noticed JuniperTheExplorer's ghost (novice TrFi)
 12111 | D:9      | Found a stormy altar of Qazlal.
 12608 | D:10     | Entered Level 10 of the Dungeon
 13310 | D:10     | Found a broken altar of Ashenzari.
 13385 | D:10     | Found a hazy altar of Hepliaklqana.
 13439 | D:10     | Found Zyamm's Assorted Antiques.
 13445 | D:10     | Bought a scroll of teleportation for 90 gold pieces
 13445 | D:10     | Bought a scroll of fear for 105 gold pieces
 13445 | D:10     | Bought a scroll of teleportation for 90 gold pieces
 13824 | D:10     | Found a blossoming altar of Fedhas.
 13905 | D:10     | Found a runed translucent gate.
 13906 | D:10     | Found a runed translucent gate.
 13906 | D:10     | Found a runed translucent gate.
 13906 | D:10     | Noticed Spaninq's ghost (journeyman HOAK)
 14185 | D:11     | Reached skill level 13 in Unarmed Combat
 14314 | D:11     | Noticed a soul eater
 15145 | D:7      | Found a hide-covered altar of Uskayaw.
 15848 | Lair:1   | Entered Level 1 of the Lair of Beasts
 16002 | Lair:1   | Reached skill level 5 in Armour
 16002 | Lair:1   | Reached XP level 11. HP: 84/84 MP: 12/12
 17303 | Lair:2   | Noticed a six-headed hydra
 18071 | Lair:2   | Killed a six-headed hydra
 18072 | Lair:2   | Reached skill level 14 in Unarmed Combat
 18839 | Lair:2   | Gained mutation: Your demonic aura often causes spilled
                  | blood to erupt in flames. [demonic ancestry]
 18839 | Lair:2   | Reached XP level 12. HP: 95/95 MP: 13/13
 19079 | Lair:2   | Found a hole to the Spider Nest.
 19315 | Lair:2   | Found a staircase to the Swamp.
 19972 | Lair:3   | Noticed a seven-headed hydra
 19982 | Lair:3   | Killed a seven-headed hydra
 20228 | Lair:3   | Noticed a death yak
 20232 | Lair:3   | Noticed a death yak
 20249 | Lair:3   | Killed a death yak
 20250 | Lair:3   | Reached skill level 10 in Fighting
 20250 | Lair:3   | Reached skill level 10 in Armour
 20251 | Lair:3   | Killed a death yak
 20461 | Lair:3   | Reached skill level 5 in Shields
 21598 | Lair:4   | Noticed Urug
 21606 | Lair:4   | Killed Urug
 21626 | Lair:4   | Noticed a boulder beetle
 21646 | Lair:4   | Killed a boulder beetle
 21757 | Lair:4   | Noticed a six-headed hydra
 21765 | Lair:4   | Killed a six-headed hydra
 21997 | Lair:4   | Noticed a four-headed hydra
 22005 | Lair:4   | Killed a four-headed hydra
 22088 | Lair:4   | Noticed Snorg
 22102 | Lair:4   | Killed Snorg
 22103 | Lair:4   | Gained mutation: Your demonic aura causes all spilled blood
                  | to erupt in flames. [demonic ancestry]
 22103 | Lair:4   | Reached XP level 13. HP: 55/103 MP: 14/14
 22910 | Lair:4   | Reached skill level 10 in Shields
 24092 | Lair:5   | Found a staircase to the Slime Pits.
 24173 | Lair:5   | Identified the +4 chain mail of Weightlessness {Fly Will+
                  | Str+4}
 24667 | Lair:5   | Found a runed translucent gate.
 24668 | Lair:5   | Found a runed translucent gate.
 24670 | Lair:5   | Found a runed translucent gate.
 25432 | Lair:5   | You are sucked into a shaft and drop 1 floor!
 25432 | Lair:6   | Entered Level 6 of the Lair of Beasts
 25690 | Lair:5   | Noticed Tynuabry's ghost (journeyman DECj)
 25906 | D:11     | Found a candlelit altar of Ignis.
 26308 | D:11     | Reached XP level 14. HP: 110/110 MP: 15/15
 26449 | D:11     | Found a bloodstained altar of Trog.
 26721 | D:12     | Found a gate leading to a gauntlet.
 26756 | Gauntlet | Entered a Gauntlet
 26756 | Gauntlet | Found a transporter.
 26756 | Gauntlet | Found a transporter.
 26789 | Gauntlet | Found a transporter.
 26792 | Gauntlet | Found a transporter.
 26800 | Gauntlet | Found a transporter.
 26804 | Gauntlet | Found a transporter.
 26812 | Gauntlet | Found a transporter.
 26832 | Gauntlet | Found a transporter.
 26853 | Gauntlet | Found a transporter.
 26853 | Gauntlet | Found a transporter.
 26861 | Gauntlet | Found a transporter.
 26865 | Gauntlet | Found a transporter.
 27317 | Gauntlet | Identified the +9 broad axe of Vadont {drain, +Rage rCorr}
 27600 | D:12     | Found a staircase to the Orcish Mines.
 28184 | D:12     | Found a snail-covered altar of Cheibriados.
 28340 | D:12     | Identified a scroll of acquirement
 28341 | D:12     | Acquired 942 gold pieces
 28604 | D:1      | Bought the ring of Paucsij {+Blink Will+ Str+3 Dex+3} for
                  | 516 gold pieces
 28867 | Orc:1    | Entered Level 1 of the Orcish Mines
 29775 | Orc:2    | Entered Level 2 of the Orcish Mines
 29775 | Orc:2    | Found Uciusmer's Jewellery Shop.
 29815 | Orc:2    | Bought an amulet of reflection for 330 gold pieces
 29827 | Orc:2    | Found Ygoonopnie's Antique Armour Shoppe.
 29839 | Orc:2    | Bought an encrusted plate armour for 644 gold pieces
 29839 | Orc:2    | Identified the +12 plate armour of the Nine Towns {Dex+3}
                  | (You bought it in a shop on level 2 of the Orcish Mines)
 29881 | Orc:2    | Found Woger's Overcharged Wands.
 29900 | Orc:2    | Found Erobozapn's Weapon Boutique.
 29947 | Orc:2    | Bought 16 sling bullets for 96 gold pieces
 29947 | Orc:2    | Bought 32 stones for 38 gold pieces
 30272 | Orc:2    | Reached skill level 15 in Shields
 30295 | Orc:2    | Reached skill level 1 in Evocations
 30347 | Orc:2    | Noticed an orc warlord
 30364 | Orc:2    | Killed an orc warlord
 30724 | Orc:2    | Found Uhae's Antique Armour Emporium.
 30726 | Orc:2    | Found Kuv Lahiw's Antique Weapon Shoppe.
 30832 | Orc:2    | Found Funeosot's Weapon Shop.
 30928 | Orc:2    | Found Riovyreff's Distillery.
 30976 | Orc:2    | Found Gocleanuss's Magic Scroll Shoppe.
 30980 | Orc:2    | Found a staircase to the Elven Halls.
 30982 | Orc:2    | Bought a scroll of teleportation for 42 gold pieces
 30982 | Orc:2    | Bought a scroll of teleportation for 42 gold pieces
 30982 | Orc:2    | Bought a scroll of fear for 49 gold pieces
 30982 | Orc:2    | Bought a scroll of teleportation for 42 gold pieces
 30982 | Orc:2    | Bought a scroll of teleportation for 42 gold pieces
 30982 | Orc:2    | Bought a scroll of fog for 28 gold pieces
 30982 | Orc:2    | Bought a scroll of teleportation for 42 gold pieces
 31232 | Orc:2    | Found Gamoevof's Distillery.
 31237 | Orc:2    | Bought a potion of curing for 42 gold pieces
 31237 | Orc:2    | Bought a potion of curing for 42 gold pieces
 31237 | Orc:2    | Bought a potion of resistance for 140 gold pieces
 31237 | Orc:2    | Bought a potion of heal wounds for 70 gold pieces
 31237 | Orc:2    | Bought a potion of heal wounds for 70 gold pieces
 31237 | Orc:2    | Bought a potion of heal wounds for 70 gold pieces
 31237 | Orc:2    | Bought a potion of curing for 42 gold pieces
 31523 | D:1      | Bought a runed scarf for 136 gold pieces
 32395 | Lair:6   | Reached skill level 5 in Evocations
 32528 | Lair:6   | Reached XP level 15. HP: 109/115 MP: 16/16
 32705 | Lair:6   | Got the Catalogue of Conjuration and Intoxication
 34247 | D:13     | Found a gate to the Vaults.
 35286 | D:14     | Identified the +1 scale mail "Necuadda" {rC+ Dex+6}
 35397 | D:14     | Found a runed translucent door.
 35431 | D:14     | Found a shimmering blue altar of Sif Muna.
 35508 | D:14     | Found a burning altar of Makhleb.
 35681 | D:14     | Found a shimmering blue altar of Sif Muna.
 35740 | D:14     | Found a basalt altar of Yredelemnul.
 35933 | D:14     | You fall into a shaft and drop 1 floor!
 35933 | D:15     | Entered Level 15 of the Dungeon
 36159 | D:15     | Reached skill level 15 in Unarmed Combat
 36216 | D:15     | Noticed Josephine
 36222 | D:15     | Killed Josephine
 36259 | D:15     | Gained mutation: You have claws for hands. [demonic
                  | ancestry]
 36259 | D:15     | Reached XP level 16. HP: 120/127 MP: 17/17
 36471 | D:15     | Noticed Agnes
 36478 | D:15     | Killed Agnes
 36726 | D:15     | Noticed Azrael
 36762 | D:15     | Killed Azrael
 37080 | D:15     | Noticed Roxanne
 37095 | D:15     | Killed Roxanne
 37286 | D:15     | Found a staircase to the Depths.
 38408 | D:1      | Bought a ring of poison resistance for 200 gold pieces
 38611 | Spider:1 | Entered Level 1 of the Spider Nest
 39480 | Spider:1 | Reached skill level 16 in Unarmed Combat
 39869 | Spider:2 | Noticed Arachne
 39893 | Spider:1 | Killed Arachne
 41008 | Spider:2 | Found a runed translucent gate.
 41009 | Spider:2 | Found a runed translucent gate.
 41010 | Spider:2 | Found a runed translucent gate.
 41010 | Spider:2 | Noticed Aviun's ghost (adept SpEn)
 41580 | Spider:2 | HP: 1/132 [wolf spider (28)]
 43536 | Spider:3 | Reached XP level 17. HP: 130/140 MP: 0/18
 44148 | Spider:3 | Got the Incunabulum of the Compass and Fire
 44310 | Spider:4 | Entered Level 4 of the Spider Nest
 44768 | Spider:4 | Noticed Asterion
 44884 | Spider:4 | Killed Asterion
 45237 | Spider:4 | Noticed Mlioglotl
 45678 | Elf:1    | Entered Level 1 of the Elven Halls
 45726 | Elf:1    | Reached skill level 17 in Unarmed Combat
 45803 | Elf:1    | Paralysed by an air elemental for 1 turns
 45808 | Elf:1    | Paralysed by an air elemental for 1 turns
 45838 | Elf:1    | Reached skill level 15 in Fighting
 47015 | Elf:1    | Found a shimmering blue altar of Sif Muna.
 47053 | Elf:2    | Paralysed by an air elemental for 1 turns
 47502 | Elf:2    | Found a runed translucent gate.
 47506 | Elf:2    | Found a runed translucent gate.
 47506 | Elf:2    | Found a runed translucent gate.
 47561 | Elf:2    | Found Rettonn's Jewellery Boutique.
 47561 | Elf:2    | Found Ecuttonk's General Store.
 47562 | Elf:2    | Found Wuiz's Book Boutique.
 47567 | Elf:2    | Found Teptimoh's Book Shop.
 48011 | Elf:3    | Entered Level 3 of the Elven Halls
 48011 | Elf:3    | Found Igedd's Book Boutique.
 48011 | Elf:3    | Found Aschezu's Book Boutique.
 48011 | Elf:3    | Found Wosuopna's Jewellery Emporium.
 48975 | Elf:3    | Noticed Nikola
 48990 | Elf:3    | Killed Nikola
 49189 | Elf:3    | Found Pijoworo's Jewellery Shop.
 49207 | Elf:3    | Bought the ring of the Pariah {+Blink rC+ rCorr Str+3} for
                  | 814 gold pieces
 49425 | Elf:3    | Paralysed by an air elemental for 1 turns
 49427 | Elf:3    | Paralysed by an air elemental for 1 turns
 50106 | Elf:3    | Noticed a deep elf blademaster
 50106 | Elf:3    | Noticed a deep elf master archer
 50107 | Elf:3    | Noticed a deep elf blademaster
 50107 | Elf:3    | Identified the +6 quarterstaff of Embarrassment {venom,
                  | +Blink rElec Int+4 Dex-2}
 50107 | Elf:3    | Identified the +1 leather armour of the Soldier {Regen+}
 50108 | Elf:3    | Identified the +6 flail "Tufef" {flame, rF+ Int+3}
 50111 | Elf:3    | Identified the ring "Kyufet Xuebu" {rF+ rC+ EV+4 SInv}
 50116 | Elf:3    | Killed a deep elf blademaster
 50116 | Elf:3    | Killed a deep elf master archer
 50116 | Elf:3    | Noticed a deep elf master archer
 50117 | Elf:3    | Reached skill level 18 in Unarmed Combat
 50117 | Elf:3    | Reached XP level 18. HP: 74/151 MP: 19/19
 50118 | Elf:3    | Noticed an Ice Fiend
 51173 | Elf:3    | Identified the +0 robe of Unambiguity {Harm Dex+2}
 51173 | Elf:3    | Identified the +1 long sword of Prudence {drain, Contam
                  | *Corrode rElec rC+++}
 51178 | Elf:3    | Noticed a Brimstone Fiend
 51179 | Elf:3    | Identified the +3 morningstar of Bijaholy {vorpal, Int+5
                  | Dex+4}
 51179 | Elf:3    | Identified the ring of Ecrumibb {Wiz rPois}
 51196 | Elf:3    | HP: 3/151 [deep elf high priest/divine providence (13)]
 51709 | Elf:3    | Found the +2 hat of the Bear Spirit {Spirit, +Rage rN+
                  | Will++}
 51964 | Swamp:1  | Entered Level 1 of the Swamp
 53099 | Swamp:2  | Identified the +1 ring mail of Foolhardiness {rN+ MP-9
                  | Int+5}
 53748 | Swamp:2  | Noticed Frances
 53763 | Swamp:2  | Killed Frances
 54267 | Swamp:4  | Entered Level 4 of the Swamp
 54308 | Swamp:3  | Noticed a tentacled monstrosity
 54325 | Swamp:3  | Killed a tentacled monstrosity
 54395 | Swamp:4  | Reached skill level 19 in Unarmed Combat
 55602 | Swamp:4  | Gained mutation: Spells you cast may paralyse adjacent
                  | enemies. [demonic ancestry]
 55602 | Swamp:4  | Reached XP level 19. HP: 87/159 MP: 12/20
 55931 | Swamp:4  | Got a decaying rune of Zot
 56350 | Vaults:1 | Entered Level 1 of the Vaults
 56976 | Vaults:1 | Reached skill level 15 in Armour
 58380 | Vaults:1 | Identified the ring "Fusy" {rF- rC+ rN+ rCorr Int+4}
 58603 | Vaults:2 | Noticed Mennas
 58638 | Vaults:2 | HP: 6/161 [Mennas (22)]
 58640 | Vaults:2 | Killed Mennas
 58641 | Vaults:2 | Reached skill level 20 in Unarmed Combat
 59534 | Vaults:2 | Reached skill level 5 in Dodging
 59559 | Vaults:2 | Identified the +6 battleaxe "Toeprab" {holy, +Blink}
 59588 | Vaults:2 | Noticed Frederick
 59591 | Vaults:2 | HP: 7/161 [spellforged servitor/lance of force[Frederick]
                  | (24)]
 59591 | Vaults:2 | Collided with a stone wall

Illustrated notes

Levels and vault maps discovered:
D:1:      arrival_zaba_pyramid, layout_basic, serial_shops, shop,
          nicolae_shop_window_shopping, nicolae_shop_window_shopping, shop,
          shop, hellmonk_ecumenical_altar_pennies_from_heaven, serial_curves,
          eino_curves_03, eino_curves_04
D:2:      layout_rooms, serial_forest, infiniplex_forest_straight_4,
          infiniplex_forest_lined_3, infiniplex_forest_straight_2,
          infiniplex_forest_corner_2, infiniplex_forest_lined_corner,
          infiniplex_forest_lined_2, infiniplex_forest_lined_ring,
          infiniplex_forest_lined_corner, infiniplex_forest_clump_small,
          st_stairs_3
D:3:      layout_rooms, general_overflow_altar, minmay_liquid_box,
          chequers_serial_rivers_micro_b, chequers_serial_rivers_micro_e,
          uniq_jessica
D:4:      layout_basic, bloody_makhleb, minmay_temple_entry_slanted
D:5:      layout_rooms, nicolae_ossuary_entry_giza
D:6:      layout_cave_pools, glass_columns_b, minmay_misc_feat_enclosed
D:7:      corexii_shack_village, layout_rooms, lemuel_doored_altar,
          nemelex_dance_club_becter, enter_bailey_5
D:8:      layout_cave_pools, erik_lair_island, chequers_serial_rivers_micro_c,
          hangedman_decor_push, minmay_manual_mail
D:9:      layout_irregular_city, nicolae_qazlal_style_of_elements,
          gammafunk_ghost_abyssal_escape
D:10:     layout_long_grid, fedhas_bush_and_centaur_altar,
          mainiacjoe_overflow_catch_the_wave,
          mainiacjoe_overflow_concentric_impassable, gammafunk_ghost_necromancy,
          serial_shops, nicolae_shop_overgrown_old_shop, nrook_campfire,
          roderic_serpentine_path
D:11:     layout_basic, hangedman_feature_mirror
D:12:     layout_basic, erik_orc_3, gauntlet_entry_generic, chei_slow_surprise
D:13:     layout_basic, david_vaults_4, special_room [special_room_orc]
D:14:     due_megacathedral, layout_basic, abandoned_shop
D:15:     grunt_enter_depths_snipers, layout_loops_corners, uniq_azrael,
          uniq_roxanne, uniq_josephine, uniq_agnes
Lair:1:   layout_misc_corridors, serial_bayou_pond_b
Lair:2:   layout_regular_city, swamp_mist, spider_nest_entry_webs, minivault_27,
          nicolae_lair_grove_arrangements, beast_lair_carwin_8,
          serial_bayou_shore_b
Lair:3:   layout_layer_cave
Lair:4:   layout_roguey, nzn_random_ring, uniq_urug, uniq_snorg
Lair:5:   layout_hall_layers, minmay_slime_entry_pillars, gammafunk_ghost_icy,
          infiniplex_staircase_pool, minmay_lair_oklob_chamber
Lair:6:   evilmike_catoblepas_cave, layout_long_grid,
          kennysheep_basilisk_garden, serial_bayou_shore_b, grunt_megastairs_3
Swamp:1:  layout_falls_marsh, evilmike_swamp_ruin_house_2
Swamp:2:  nicolae_swamp_husk_halls, layout_basic_swamp,
          evilmike_swamp_ruin_house_3, swamp_pool2, uniq_frances
Swamp:3:  layout_basic_swamp, nicolae_swamp_stair_fork,
          nicolae_swamp_round_clearing
Swamp:4:  swamp, layout_basic_swamp
Spider:1: layout_spider_delve, hangedman_spider_tarantella_strand
Spider:2: layout_spider_delve, gammafunk_ghost_split, uniq_arachne
Spider:3: layout_spider_delve
Spider:4: johnstein_spider_rune_arachne_lair, uniq_louise, uniq_mlioglotl,
          uniq_asterion
Orc:1:    layout_caves, guppyfry_orc_lava_fort
Orc:2:    grunt_orc_community_town_hall, layout_caves,
          grunt_orc_community_big_house_2, grunt_orc_community_big_house_2,
          grunt_orc_community_house_1, grunt_orc_community_house_1,
          grunt_orc_community_house_2, grunt_orc_community_house_1,
          serial_shops, shop, nicolae_shop_overgrown_old_shop,
          nicolae_lakefront_shop, nicolae_shop_statue_plus,
          nicolae_shop_waterfront, nicolae_shop_overcharged_wands
Elf:1:    nicolae_elf_arrival_fired_up, layout_loops_cross,
          hangedman_corner_corridor, lemuel_upstairs_altar
Elf:2:    elven_hall_of_blades_hangedman_original
          [infiniplex_blade_entry_pillars], layout_gridlike, minmay_shoptagon
Elf:3:    elf_hall, layout_geoelf_grid, serial_shops,
          nicolae_shop_window_shopping, columned_hall_lemuel, minmay_shop_grove,
          uniq_nikola
Vaults:1: hangedman_vaults_cutoff, hangedman_vaults_locks,
          nicolae_vaults_branching_niches, nicolae_vaults_border_crossing,
          grunt_vaults_hallway_short, nicolae_vaults_shelves_hall,
          layout_vaults_omnigrid
Vaults:2: ontoclasm_vaults_idyll, nicolae_vaults_inception_corners,
          st_hourglassy, vaults_mumra_minichess_inversion,
          grunt_vaults_trifunnel, grunt_vaults_hallway_short,
          vaults_standard_mumra_enter_the_diamond, nicolae_vaults_alarming,
          vaults_room_octagon, vaults_room_hallway, vaults_room_corners,
          layout_vaults_omnibox, uniq_mennas, uniq_frederick

Skill      XL: |  1  2  3  4  5  6  7  8  9 10 11 12 13 14 15 16 17 18 19 |
---------------+----------------------------------------------------------+-----
Axes           | 3 |  3.2
Slings         | 1 2 3 |  3.1
Unarmed Combat | 1 2 3 5 12 13 14 15 16 18 19 20 | 20.0
Armour         | 1 5 8 10 11 12 13 14 15 | 15.1
Dodging        | 1 2 5 |  5.1
Fighting       | 4 5 6 7 9 10 12 14 15 16 17 | 17.4
Shields        | 1 2 3 4 8 12 15 | 15.0
Evocations     | 6 8 |  8.0
Spellcasting   | |  1.0
Fire Magic     | |  0.8

Action                   |  1- 3 |  4- 6 |  7- 9 | 10-12 | 13-15 | 16-18 | 19-21 || total
-------------------------+-------+-------+-------+-------+-------+-------+-------++-------
Melee: Hand axe          |    33 |     6 |       |       |       |       |       ||    39
       Unarmed           |     3 |    41 |   208 |   421 |   815 |  1168 |   332 ||  2988
       Kick              |     2 |       |       |       |       |       |       ||     2
       Headbutt          |       |    12 |    30 |    74 |   237 |   292 |    88 ||   733
 Fire: Hunting sling     |   115 |   227 |    82 |   165 |   485 |    30 |       ||  1104
Throw: Boomerang         |       |       |     7 |    77 |     3 |   100 |     2 ||   189
       Stone             |       |       |     2 |       |       |       |       ||     2
 Abil: Evoke Blink       |       |       |       |       |       |     2 |       ||     2
Evoke: Wand              |       |     4 |     8 |    15 |     3 |    23 |       ||    53
       Tin of tremorston |       |       |       |       |     5 |    10 |     2 ||    17
       Phantom mirror    |       |       |       |       |       |     1 |       ||     1
       Lightning rod     |       |       |       |       |       |     6 |       ||     6
       Condenser vane    |       |       |       |       |       |       |     2 ||     2
  Use: Scroll            |     1 |     9 |     7 |     8 |     8 |    13 |     2 ||    48
       Potion            |     4 |       |     2 |     1 |     7 |     5 |     4 ||    23
 Stab: Invisible         |       |       |       |       |     1 |       |       ||     1
       Distracted        |       |       |       |       |       |     1 |       ||     1
Armor: Robe              |     5 |       |       |       |       |       |       ||     5
       Scale mail        |    34 |    92 |    85 |    35 |       |       |       ||   246
       Skin              |    12 |       |       |       |       |       |       ||    12
       Chain mail        |       |       |       |   119 |   144 |       |       ||   263
       Plate armour      |       |       |       |       |   288 |   985 |   130 ||  1403
Dodge: Dodged            |    37 |    76 |   136 |   177 |   199 |   316 |    55 ||   996
Block: Buckler           |       |     3 |    55 |   105 |    48 |       |       ||   211
       Kite shield       |       |       |       |       |   687 |  1204 |   192 ||  2083
       Reflection        |       |       |       |       |    14 |    37 |    16 ||    67

Table legend: (Time is in decaauts)
 A = Elapsed time spent in this place.
 B = Non-inter-level travel time spent in this place.
 C = Inter-level travel time spent in this place.
 D = Time resting spent in this place.
 E = Time spent auto-exploring this place.
 F = Levels seen in this place.
 G = Mean time per level.
                   A        B        C        D        E       F      G
               +--------+--------+--------+--------+--------+-----+--------+
         Total |  59050 |  54839 |   4211 |  16367 |  29233 |  39 | 1514.1 |
       Dungeon |  23128 |  20357 |   2771 |   4113 |  12742 |  15 | 1541.9 |
          Lair |  11492 |  10759 |    733 |   2248 |   6987 |   6 | 1915.3 |
         Swamp |   4264 |   4141 |    123 |   2219 |   1234 |   4 | 1066.0 |
   Spider Nest |   6589 |   6468 |    121 |   3602 |   1983 |   4 | 1647.2 |
  Orcish Mines |   2519 |   2322 |    197 |    391 |   1228 |   2 | 1259.5 |
   Elven Halls |   5859 |   5632 |    227 |   2387 |   2272 |   3 | 1953.0 |
        Vaults |   3135 |   3100 |     35 |    341 |   2262 |   2 | 1567.5 |
       Ossuary |     30 |     30 |      0 |      0 |      4 |   1 |   30.0 |
        Bailey |   1440 |   1440 |      0 |    803 |    359 |   1 | 1440.0 |
      Gauntlet |    590 |    590 |      0 |    260 |    161 |   1 |  590.0 |
               +--------+--------+--------+--------+--------+-----+--------+

Top non-repeatable levels by time:
Spider:2: 3387 daAuts
   Elf:3: 2698 daAuts
  Lair:4: 2466 daAuts
  Lair:1: 2258 daAuts
Vaults:1: 2160 daAuts
     D:1: 2139 daAuts
     D:2: 2101 daAuts
   Elf:2: 2019 daAuts
    D:10: 1879 daAuts
  Lair:2: 1854 daAuts
     D:8: 1833 daAuts
   Orc:2: 1816 daAuts
     D:3: 1802 daAuts
     D:4: 1784 daAuts
  Lair:3: 1767 daAuts
